Map: Abiogenesis LE

Players

Kozzy

  • Race: Protoss Protoss
  • League: Gold
  • Spawn Location: 11:00

Supay - Winner!

  • Race: Zerg Zerg
  • League: Gold
  • Spawn Location: 5:00

VOD

Have the link to the VOD?

Description

Time

  • Played on: April 7, 2018, 12:53 a.m.
  • Length: 11:52
Show
View Real Time Build Order
Export as new Build Order

Kozzy Protoss 

Build Orders:  

Get SALT Encoding   

  12  0:01  Probe  
  13  0:14  Probe  
  14  0:24  Pylon  
  14  0:27  Probe  
  15  0:42  Probe (Chrono Boost)  
  16  0:54  Probe (Chrono Boost)  
  17  1:02  Gateway  
  17  1:04  Gateway  
  17  1:10  Assimilator  
  16  1:16  Probe  
  17  1:28  Probe  
  18  1:35  Assimilator  
  18  1:39  Gateway  
  18  1:40  Probe  
  18  1:41  Pylon  
  19  1:48  Zealot (Chrono Boost)  
  19  1:53  Probe  
  24  2:02  Zealot (Chrono Boost)  
  24  2:10  Zealot  
  26  2:16  Cybernetics Core  
  26  2:19  Probe  
  27  2:33  Zealot  
  29  2:40  Pylon  
  29  2:43  Zealot  
  31  2:55  Pylon  
  31  2:58  Probe  
  31  3:03  Zealot  
  34  3:10  Pylon  
  34  3:25  Twilight Council  
  34  3:29  Warp Gate  
  34  3:38  Gateway  
  34  3:49  Shield Battery  
  34  3:58  Probe (Chrono Boost)  
  34  3:59  Charge (Chrono Boost)  
  35  4:08  Probe (Chrono Boost)  
  36  4:13  Probe (Chrono Boost)  
  37  4:24  Nexus  
  37  4:25  Probe  
  38  4:35  Pylon  
  38  4:37  Probe  
  39  4:54  Pylon x2  
  39  4:59  Probe  
  40  5:00  Forge  
  40  5:19  Gateway  
  40  5:20  Pylon  
  40  5:25  Probe (Chrono Boost)  
  41  5:34  Probe (Chrono Boost)  
  42  5:37  Robotics Facility  
  42  5:39  Probe (Chrono Boost)  
  42  5:41  Protoss Ground Weapons Level 1 (Chrono Boost)  
  43  5:52  Stalker  
  45  5:57  Stalker  
  45  6:02  Stalker  
  49  6:04  Probe  
  49  6:08  Stalker  
  52  6:19  Probe x2  
  52  6:23  Stalker  
  56  6:31  Probe x2  
  58  6:43  Probe x2, Assimilator  
  60  6:47  Assimilator  
  60  6:55  Probe  
  60  7:00  Warp Prism (Chrono Boost)  
  63  7:09  Gateway  
  63  7:13  Pylon  
  63  7:14  Protoss Ground Weapons Level 2 (Chrono Boost)  
  63  7:17  Zealot x2  
  63  7:18  Zealot x2  
  63  7:19  Zealot  
  73  7:31  Templar Archives  
  73  7:32  Pylon  
  73  7:44  Gateway  
  73  7:48  Pylon  
  73  8:36  High Templar x2  
  73  8:38  High Templar x2  
  81  8:42  High Templar x2  
  81  8:43  Archon x2  
  85  8:49  Gateway  
  85  8:52  Archon  
  85  8:54  Gateway  
  85  8:55  Pylon, Zealot  
  87  9:32  High Templar  
  87  9:33  High Templar  
  87  9:34  Zealot x2  
  87  9:35  Zealot x3  
  87  9:37  Archon  
  101  9:40  Observer  
  102  9:54  Photon Cannon  
  102  10:02  Observer  
  103  10:08  High Templar x2  
  103  10:10  Zealot x3  
  103  10:11  Zealot x3  
  103  10:13  Archon  
  119  10:31  Stalker x3  
  119  10:32  Stalker x2  
  126  10:58  Pylon, Stalker  
  126  10:59  Stalker x2  
  126  11:00  Zealot  
  134  11:05  Pylon  
  134  11:07  Pylon  
  134  11:09  Pylon  
  134  11:11  Pylon  
  134  11:12  Pylon  
  79  11:36  Zealot x2  
  79  11:37  Zealot x5  
  79  11:38  Zealot  
Show
View Real Time Build Order
Export as new Build Order

Supay Zerg - Winner!

Build Orders: Hatch First, Muta Ling Bane 

Get SALT Encoding   

  12  0:03  Drone  
  13  0:08  Drone  
  14  0:17  Overlord  
  14  0:36  Drone x3  
  17  0:58  Hatchery  
  17  1:00  Extractor  
  17  1:01  Drone x2  
  17  1:10  Drone  
  18  1:24  Drone  
  19  1:34  Drone  
  20  1:52  Drone, Spawning Pool  
  20  1:54  Hatchery  
  19  2:10  Drone  
  19  2:11  Drone x2  
  19  2:15  Drone  
  23  2:40  Drone  
  23  2:41  Drone x3  
  27  2:47  Overlord  
  27  2:57  Drone  
  28  3:00  Overlord  
  28  3:05  Queen x2  
  32  3:09  Drone  
  32  3:10  Drone x3  
  36  3:15  Roach Warren  
  35  3:20  Drone x3  
  38  3:30  Drone x3  
  41  3:38  Drone  
  42  3:47  Queen  
  44  3:54  Extractor, Roach  
  44  3:55  Roach x2  
  49  3:56  Overlord  
  49  3:59  Overlord  
  49  4:02  Lair  
  49  4:14  Roach  
  49  4:16  Roach x2  
  49  4:17  Overlord, Roach  
  57  4:31  Roach x4  
  63  4:34  Overlord  
  63  4:35  Overlord  
  63  4:37  Overlord  
  65  4:39  Roach x4  
  73  4:55  Extractor  
  73  4:59  Pneumatized Carapace  
  72  5:09  Overseer  
  72  5:11  Drone x2  
  72  5:12  Drone x6  
  72  5:13  Drone x3  
  83  5:23  Drone x3  
  83  5:24  Drone x4  
  83  5:27  Ravager  
  91  5:32  Zergling x4  
  93  5:47  Hatchery  
  92  5:52  Zergling x6  
  92  5:53  Zergling x6  
  98  6:01  Overlord x2  
  98  6:09  Infestation Pit  
  97  6:28  Evolution Chamber  
  97  6:31  Evolution Chamber  
  95  6:35  Metabolic Boost  
  95  6:37  Drone x2, Baneling Nest  
  95  6:38  Drone x7  
  95  6:39  Drone x3  
  106  6:56  Drone x6  
  106  6:59  Extractor  
  111  7:08  Zergling x14  
  116  7:15  Hive  
  118  7:16  Extractor  
  118  7:19  Extractor, Spire  
  115  7:39  Baneling  
  115  7:40  Baneling x5  
  115  7:41  Baneling x7  
  115  7:42  Baneling, Queen  
  117  7:45  Queen  
  119  8:03  Glial Reconstitution  
  119  8:08  Drone  
  119  8:09  Overlord x3  
  119  8:10  Overlord  
  119  8:11  Overlord x4  
  119  8:12  Overlord x2  
  120  8:20  Spore Crawler  
  120  8:24  Spine Crawler  
  118  8:32  Corruptor  
  118  8:33  Corruptor x5  
  130  8:37  Greater Spire  
  130  8:49  Mutalisk x2  
  134  8:56  Centrifical Hooks  
  134  9:18  Ravager x4  
  134  9:19  Ravager  
  134  9:20  Zergling x4  
  141  9:27  Zerg Missile Weapons Level 1  
  141  9:32  Overlord x2  
  141  9:35  Zergling x14  
  141  9:36  Zergling x12  
  141  9:37  Zergling x6  
  157  9:56  Brood Lord  
  157  9:57  Brood Lord x2  
  163  10:06  Ultralisk Cavern  
  162  10:14  Brood Lord  
  164  10:24  Zergling x6  
  164  10:25  Zergling x8  
  164  10:26  Zergling x12  
  164  10:27  Zergling x6  
  176  10:56  Baneling x6  
  176  10:57  Baneling x5  
  176  10:58  Baneling x2  
  176  11:04  Baneling x5  
  176  11:05  Baneling  
  175  11:14  Baneling  
  175  11:15  Baneling x2  
Tags
 
Composition
Muta Ling Bane
League
GoldGold
Matchup
PvZ
Spawn Locations
Cross Positions
Add a new tag
Caveats
  • Supply blocks, unpowered buildings, or Contaminate may cause inaccurate times.
  • Supply counts are checked every 10 seconds.